 Dungeon Crawl Stone Soup version 0.31-a0-237-g2d982f9f85 (webtiles) character file.

Game seed: 10953655823947534129

339 BubbleThief the Grave Robber (level 6, 40/41 HPs)
             Began as a Demonspawn Necromancer on July 12, 2023.
             Quit the game on level 4 of the Dungeon.
             The game lasted 00:05:33 (3328 turns).

BubbleThief the Grave Robber (DsNe)                 Turns: 3328, Time: 00:05:34

Health: 40/41      AC:  6    Str:  8    XL:     6   Next: 29%
Magic:  1/11       EV: 12    Int: 18    God:
Gold:   191        SH:  0    Dex: 14    Spells: 8/12 levels left

rFire   . . .        e - +0 dagger
rCold   . . .        (no shield)
rNeg    . . .        a - +0 robe
rPois   .            (helmet restricted)
rElec   .            (no cloak)
rCorr   .            q - +0 pair of gloves
SInv    .            g - +2 pair of boots
Will    .....        (no amulet)
Stlth   ++           (no ring)
HPRegen 0.26/turn    (no ring)
MPRegen 0.12/turn

%: no passive effects
@: no status effects
A: antennae 1, weakness stinger 2
a: no special abilities


You were on level 4 of the Dungeon.
You visited 1 branch of the dungeon, and saw 4 of its levels.

You collected 191 gold pieces.

Inventory:

Hand Weapons
 e - a +0 dagger (weapon)
Missiles
 f - 5 atropa-tipped darts
Armour
 a - a +0 robe (worn)
 g - a +2 pair of boots (worn)
 q - a +0 pair of gloves (worn)
Wands
 u - a wand of acid (4)
Scrolls
 h - a scroll of torment {unknown}
 i - 5 scrolls of teleportation {unknown}
 j - a scroll of amnesia {unknown}
 k - a scroll of blinking {unknown}
 l - a scroll of enchant armour {unknown}
 m - a scroll of fear {unknown}
 p - a scroll of fog {unknown}
 r - a scroll of identify {unknown}
Potions
 b - a potion of magic
 c - 2 potions of curing {unknown}
 d - a potion of degeneration {unknown}
 n - a potion of brilliance {unknown}
 o - a potion of heal wounds {unknown}
 s - a potion of haste {unknown}
 t - a potion of ambrosia {unknown}


   Skills:
 - Level 1.7 Dodging
 - Level 1.7 Stealth
 + Level 3.9 Spellcasting
 * Level 7.3 Necromancy


You had 8 spell levels left.
You knew the following spells:

 Your Spells              Type           Power      Damage    Failure   Level
a - Necrotise             Necr           100%       1d9       1%          1
b - Vampiric Draining     Necr           29%        2d8       2%          3

Your spell library contained the following spells:

 Spells                   Type           Power      Damage    Failure   Level
 Animate Dead             Necr           29%        N/A       8%          4
 Cigotuvi's Dreadful Rot  Necr/Pois/Air  24%        N/A       9%          2
 Agony                    Necr           29%        N/A       21%         5
 Ignite Poison            Fire/Tmut/Pois 3%         N/A       41%         3
 Freezing Cloud           Conj/Ice/Air   1%         6-21      99%         5


Dungeon Overview and Level Annotations

Branches:
Dungeon (4/15)
 Temple: D:4-7

Altars:


Innate Abilities, Weirdness & Mutations

You have a pair of small antennae on your head.
You have a tail ending in a sharp stinger.


Message History

Unknown command.
Unknown command.
Aiming: Necrotise (safe; 1% risk of failure)
Press: ? - help, Q - select action, (/) - cycle Shift-Dir - straight line, f/p - ogre
Aim: an ogre, wielding a +0 giant club (severely wounded, ally target, chance to affect: 83%)
The ogre writhes in agony.
The ogre misses you.
Aiming: Necrotise (safe; 1% risk of failure)
Press: ? - help, Q - select action, (/) - cycle Shift-Dir - straight line, f/p - ogre
Aim: an ogre, wielding a +0 giant club (severely wounded, ally target, chance to affect: 83%)
The ogre writhes in agony.
Your hobgoblin skeleton hits the ogre.
The ogre barely misses you.
Aiming: Necrotise (safe; 1% risk of failure)
Press: ? - help, Q - select action, (/) - cycle Shift-Dir - straight line, f/p - ogre
Aim: an ogre, wielding a +0 giant club (almost dead, ally target, chance to affect: 83%)
The ogre writhes in agony.
You kill the ogre!
The dead are walking!
Something bites your hobgoblin skeleton.
Something grabs your hobgoblin skeleton.
Your hobgoblin skeleton is constricted.
Your Necromancy skill increases to level 7!
You have reached level 6!
Your demonic ancestry asserts itself...
A pair of antennae grows on your head!
Something bites your hobgoblin skeleton.
Your hobgoblin skeleton is constricted.
The ball python bites your hobgoblin skeleton.
Your hobgoblin skeleton is destroyed!
The ball python bites your ogre skeleton.
Your ogre skeleton barely misses the ball python.
The ball python bites your ogre skeleton.
The ball python bites your ogre skeleton.
Your ogre skeleton barely misses the ball python.
The ball python bites your ogre skeleton.
The ball python bites your ogre skeleton.
The ball python bites your ogre skeleton.
Your ogre skeleton hits the ball python!
The ball python dies!
Are you sure you want to abandon this character and quit the game? (Confirm with "yes".)

#.#### #....####
#.##.#... #.##.##.#
########## #.##.##.#
.......@.#######........
##.####......>.......#..
#)####......#..#.. #Z#
######.#..... #..
#.#..... ..# #.#.##..
#.. #.#.##.. #..
#.#.##.. #. #<#.##..


You could see a friendly ogre skeleton.

Vanquished Creatures
  2 ogres (D:4)
  A scorpion (D:4)
  A gnoll (D:1)
  2 adders
  A worm (D:3)
  2 dart slugs (D:2)
  5 orcs
  2 endoplasms (D:1)
  3 giant cockroaches
  8 hobgoblins
  4 quokkas
  8 ball pythons
  7 bats
  3 frilled lizards (D:1)
  7 goblins
  3 kobolds
  9 rats
68 creatures vanquished.

Vanquished Creatures (collateral kills)
  An endoplasm (D:1)
  A goblin (D:1)
  A quokka (D:1)
  A ball python (D:4)
  A bat (D:1)
5 creatures vanquished.

Grand Total: 73 creatures vanquished

Notes
Turn   | Place    | Note
-------+----------+-------------------------------------------
     0 | D:1      | BubbleThief the Demonspawn Necromancer began the quest for
                  | the Orb.
     0 | D:1      | Reached XP level 1. HP: 13/13 MP: 3/3
   238 | D:1      | Discovered your monstrous ancestry.
   238 | D:1      | Gained mutation: You have a small tail. [demonic ancestry]
   238 | D:1      | Reached XP level 2. HP: 19/19 MP: 0/5
   558 | D:1      | Reached skill level 5 in Necromancy
   702 | D:1      | Reached XP level 3. HP: 24/24 MP: 2/6
   882 | D:1      | Learned a level 3 spell: Vampiric Draining
  1732 | D:2      | Gained mutation: You have a tail ending in a sharp stinger.
                  | [demonic ancestry]
  1732 | D:2      | Reached XP level 4. HP: 30/30 MP: 6/8
  2925 | D:3      | Reached skill level 6 in Necromancy
  3055 | D:4      | Noticed a scorpion
  3065 | D:4      | Killed a scorpion
  3066 | D:4      | Reached XP level 5. HP: 29/35 MP: 0/10
  3190 | D:4      | Noticed an ogre
  3197 | D:4      | Killed an ogre
  3311 | D:4      | Noticed an ogre
  3319 | D:4      | Killed an ogre
  3320 | D:4      | Reached skill level 7 in Necromancy
  3320 | D:4      | Gained mutation: You have a pair of small antennae on your
                  | head. [demonic ancestry]
  3320 | D:4      | Reached XP level 6. HP: 38/41 MP: 0/11
  3328 | D:4      | Quit the game

Illustrated notes

Levels and vault maps discovered:
D:1:      nzn_arrival_depleted_hourglass, layout_basic
D:2:      layout_loops_ring, minmay_misc_feat_tiny, minivault_26
D:3:      layout_loops_ring
D:4:      layout_basic, old_standard_altar, lemuel_temple_firewalk_b

Skill      XL: |  1  2  3  4  5 |
---------------+----------------+-----
Necromancy     | 5 6 7 |  7.3
Spellcasting   | 3 |  3.9
Dodging        | |  1.7
Stealth        | |  1.7

Action                     |  1- 3 |  4- 6 || total
---------------------------+-------+-------++-------
  Melee: Dagger            |     1 |     4 ||     5
   Cast: Necrotise         |    70 |    60 ||   130
         Vampiric Draining |       |     1 ||     1
 Armour: Robe              |     7 |     4 ||    11
  Dodge: Dodged            |    10 |    15 ||    25

Table legend: (Time is in decaauts)
 A = Elapsed time spent in this place.
 B = Non-inter-level travel time spent in this place.
 C = Inter-level travel time spent in this place.
 D = Time resting spent in this place.
 E = Time spent auto-exploring this place.
 F = Levels seen in this place.
 G = Mean time per level.
                   A        B        C        D        E       F      G
               +--------+--------+--------+--------+--------+-----+--------+
         Total |   3326 |   3243 |     83 |      0 |   2846 |   4 |  831.5 |
       Dungeon |   3326 |   3243 |     83 |      0 |   2846 |   4 |  831.5 |
               +--------+--------+--------+--------+--------+-----+--------+

Top non-repeatable levels by time:
     D:1: 1219 daAuts
     D:3: 917 daAuts
     D:2: 904 daAuts
     D:4: 284 daAuts
